 Dungeon Crawl Stone Soup version 0.31-a0-662-g684573625c (webtiles) character file.

Game seed: 16794232008812672051

103 Xavori the Cutter (level 4, -3/33 HPs)
             Began as an Octopode Chaos Knight on Sept 1, 2023.
             Was a Plaything of Xom.
             Slain by a gnoll
             ... wielding a +0 halberd
              (12 damage)
             ... on level 3 of the Dungeon.
             The game lasted 00:01:21 (8646 turns).

Xavori the Cutter (Octopode Chaos Knight)           Turns: 8646, Time: 00:01:22

Health: -3/33      AC:  3    Str: 10    XL:     4   Next: 79%
Magic:  4/4        EV: 14    Int: 18    God:    Xom [*.....]
Gold:   184        SH:  0    Dex: 18    Spells: 3/3 levels left

rFire   . . .        a - +1 short sword (chaos)
rCold   . . .        (no shield)
rNeg    . . .        (helmet restricted)
rPois   .            (no amulet)
rElec   .            g - ring of willpower
rCorr   .            h - +6 ring of dexterity
SInv    .            (no ring)
Will    +....        (no ring)
Stlth   +++          (no ring)
HPRegen 0.25/turn    (no ring)
MPRegen 0.09/turn    (no ring)
                     (no ring)

%: no passive effects
@: no status effects
A: almost no armour, amphibious, 8 rings, camouflage 1, gelatinous body 1,
(nimble swimmer 1), tentacles, iridescent scales 1, clever 1
a: Renounce Religion


You were on level 3 of the Dungeon.
You worshipped Xom.
You were a special plaything of Xom.
You visited 1 branch of the dungeon, and saw 3 of its levels.

You collected 184 gold pieces.

Inventory:

Hand Weapons
 a - a +1 short sword of chaos (weapon)
Jewellery
 g - a ring of willpower (left tentacle)
 h - a +6 ring of dexterity (right tentacle)
 l - an amulet of regeneration
 m - a ring of fire
Scrolls
 b - a scroll of butterflies
 c - a scroll of revelation {unknown}
 d - 2 scrolls of summoning {unknown}
 i - a scroll of immolation {unknown}
 j - a scroll of fog {unknown}
 k - 3 scrolls of teleportation {unknown}
 n - a scroll of identify {unknown}
 p - a scroll of poison {unknown}
Potions
 e - a potion of mutation {unknown}
 f - a potion of haste {unknown}
 o - a potion of berserk rage {unknown}


   Skills:
 + Level 3.7 Fighting
 + Level 4.1 Short Blades
 + Level 2.7 Dodging
 + Level 2.9 Stealth


You had 3 spell levels left.
You didn't know any spells.
Your spell library contained the following spells:

 Spells                   Type           Power      Damage    Failure   Level
 Summon Small Mammal      Summ           0%         N/A       22%         1
 Call Canine Familiar     Summ           0%         N/A       54%         3
 Summon Guardian Golem    Hex/Summ       0%         N/A       54%         3


Dungeon Overview and Level Annotations

Branches:
Dungeon (3/15)

Altars:
Ru


Innate Abilities, Weirdness & Mutations

You cannot wear most types of armour.
You are amphibious.
You can wear up to eight rings at the same time.
Your skin changes colour to match your surroundings (Stealth+).
Your rubbery body absorbs attacks. (AC +1, EV +1)
((You are camouflaged when in or above water. (Stealth+)))
You have tentacles for arms and can constrict up to eight enemies at once.
You are partially covered in iridescent scales. (AC +2)
Your mind is acute. (Int +4, Str/Dex -1)


Message History

The endoplasm attacks as it pursues you!
The endoplasm closely misses you.
You bump into the rock wall.
You feel less confused.
The hobgoblin hits you but does no damage.
The endoplasm closely misses you.
You barely miss the hobgoblin. You grab the hobgoblin.
You squeeze the hobgoblin.
You kill the hobgoblin!
Your Short Blades skill increases to level 4!
You hit the endoplasm. You freeze the endoplasm.
You kill the endoplasm!
The gnoll hits you with a +0 flail. The gnoll attacks as it pursues you!
The gnoll closely misses you. Xom almost notices you.
Your glowing coppery potion falls out of your pack, then immediately jumps back in!
You are now a special plaything of Xom.
The gnoll attacks as it pursues you! The gnoll misses you.
You hit the gnoll.
Space warps horribly around the gnoll!
You kill the gnoll!
Xom does a drum roll.
You hear a shout!
You hear an angry hiss.
The gnoll barely misses you. The gnoll completely misses you.
Things that are here:
a +0 flail; a gnoll corpse You hit the gnoll.
You grab the gnoll.
The gnoll is heavily wounded.
You constrict the gnoll, but do no damage.
The gnoll misses you. The gnoll barely misses you.
You hit the gnoll.
The gnoll is poisoned.
You squeeze the gnoll.
The gnoll is almost dead.
You constrict the gnoll, but do no damage.
The gnoll barely misses you.
You hit the gnoll.
You kill the gnoll!
The gnoll hits you from afar with a +0 halberd!
* * * LOW HITPOINT WARNING * * *
You emit a cloud of colourful smoke!
The gnoll hits you with a +0 halberd!
You die...

... #........
###.####........
#.....)†........
#........###._.#
#..........# ..#
#.:......#.# ##
#.!....$.#?..
########g####.##
#@§......
#§####.## #§#
#.# #.. #.## #..
###


You could see a gnoll.

Vanquished Creatures
  Terence (D:2)
  2 gnolls (D:3)
  2 adders (D:2)
  2 worms (D:2)
  A dart slug (D:1)
  6 endoplasms
  A giant cockroach (D:2)
  3 goblins (D:2)
  6 hobgoblins
  A kobold (D:1)
  A ball python (D:1)
  2 bats
  3 frilled lizards
  5 rats
36 creatures vanquished.

Notes
Turn   | Place    | Note
-------+----------+-------------------------------------------
     0 | D:1      | Xavori the Octopode Chaos Knight began the quest for the
                  | Orb.
     0 | D:1      | Reached XP level 1. HP: 16/16 MP: 1/1
     9 | D:1      | Found a faded altar of an unknown god.
   201 | D:1      | Reached XP level 2. HP: 21/21 MP: 2/2
   705 | D:1      | XOM: silly message
  1139 | D:1      | XOM: silly message
  1308 | D:1      | XOM: silly message
  1918 | D:1      | XOM: silly message
  3944 | D:1      | XOM is BORED!
  5254 | D:1      | XOM: god gift: scroll labelled NOAM WOIQETEE {god gift}
  5445 | D:1      | XOM: summons 2 hostile demons
  6286 | D:1      | XOM: give mutations
  6286 | D:1      | Gained mutation: You are partially covered in iridescent
                  | scales. (AC +2) [Xom's grace]
  6286 | D:1      | Gained mutation: Your mind is acute. (Int +4, Str/Dex -1)
                  | [Xom's grace]
  6327 | D:1      | XOM: scenery: summon butterflies
  6421 | D:1      | XOM: god gift: 49 gold pieces
  6646 | D:1      | XOM: cloud trail
  7127 | D:1      | XOM: cloud trail
  7649 | D:1      | XOM is BORED!
  7649 | D:1      | XOM: torment (12/21 hp)
  7808 | D:1      | XOM: cloud trail
  7917 | D:1      | XOM: summons 2 hostile demons
  7918 | D:1      | Noticed a crimson imp
  7942 | D:2      | XOM: 5-stop teleportation journey
  7954 | D:2      | Reached skill level 1 in Stealth
  7954 | D:2      | Reached XP level 3. HP: 26/26 MP: 3/3
  8082 | D:2      | Noticed Terence
  8089 | D:2      | Killed Terence
  8090 | D:2      | Reached XP level 4. HP: 24/32 MP: 4/4
  8224 | D:2      | XOM: god gift: scale mail {god gift}
  8444 | D:2      | XOM: noise
  8620 | D:3      | Found a sacrificial altar of Ru.
  8627 | D:3      | XOM: confusion
  8637 | D:3      | Reached skill level 4 in Short Blades
  8639 | D:3      | XOM: silly message
  8642 | D:3      | XOM: noise
  8645 | D:3      | XOM: smoke on damage
  8646 | D:3      | Slain by a gnoll

Illustrated notes

Levels and vault maps discovered:
D:1:      lightli_molten_gateway, layout_basic,
          ebering_ecumenical_altar_sacrificial, moated_statue,
          minmay_misc_feat_roman, dk_noncrumbling_4, minmay_misc_feat_doors
D:2:      layout_basic, uniq_terence
D:3:      minmay_diamond_boxcup, layout_rooms, nicolae_overflow_hidden_temple,
          mainiacjoe_overflow_large_starburst, minitemple

Skill      XL: |  1  2  3  4 |
---------------+-------------+-----
Stealth        | 1 2 |  2.9
Short Blades   | 4 |  4.1
Fighting       | |  3.7
Dodging        | |  2.7

Action                     |  1- 3 |  4- 6 || total
---------------------------+-------+-------++-------
  Melee: Short sword       |    39 |    29 ||    68
         Tentacles         |     8 |    12 ||    20
         Constrict         |     7 |     5 ||    12
    Use: Scroll            |     1 |       ||     1
   Stab: Sleeping          |     2 |     3 ||     5
 Armour: Skin              |    15 |    11 ||    26
  Dodge: Dodged            |    14 |    24 ||    38

Table legend: (Time is in decaauts)
 A = Elapsed time spent in this place.
 B = Non-inter-level travel time spent in this place.
 C = Inter-level travel time spent in this place.
 D = Time resting spent in this place.
 E = Time spent auto-exploring this place.
 F = Levels seen in this place.
 G = Mean time per level.
                   A        B        C        D        E       F      G
               +--------+--------+--------+--------+--------+-----+--------+
         Total |   8634 |   8595 |     39 |   7413 |    960 |   3 | 2878.0 |
       Dungeon |   8634 |   8595 |     39 |   7413 |    960 |   3 | 2878.0 |
               +--------+--------+--------+--------+--------+-----+--------+

Top non-repeatable levels by time:
     D:1: 7526 daAuts
     D:2: 1075 daAuts
     D:3: 32 daAuts
